 Dungeon Crawl Stone Soup version 0.30-a0-782-ge64f9170bb (webtiles) character file.

Game seed: 13745218997603160168

21345 mopl the Covert (level 12, -12/77 HPs)
             Began as an Octopode Brigand on Mar 17, 2023.
             Was the Champion of Dithmenos.
             Mangled by a large abomination (30 damage)
             ... in a Gauntlet.
             The game lasted 00:28:20 (13723 turns).

mopl the Covert (Octopode Brigand)                 Turns: 13723, Time: 00:28:20

Health: -12/77     AC:  9    Str: 18    XL:     12   Next: 89%
Magic:  22/22      EV: 22    Int: 21    God:    Dithmenos [******]
Gold:   900        SH:  0    Dex: 13    Spells: 9/24 levels left

rFire   . . .      SeeInvis +    b - +5 glaive of the Guard {elec, spectral, AC+5}
rCold   + . .      Faith    +    (shield currently unavailable)
rNeg    . . .      Spirit   .    u - +3 crown of Dyrovepreva {rElec Int+2 SInv}
rPois   .          Reflect  .    k - amulet of faith {!P}
rElec   +          Harm     .    l - +5 ring of evasion
rCorr   .          Rampage  .    m - +6 ring of strength
Will    +....      NoTele   +    Q - ring "Qepefo" {rC+ Will+ Int+2} Stlth *+++++++++
                                 S - ring of flight
HPRegen 0.32/turn                d - +5 ring of evasion
MPRegen 0.18/turn                (no ring)
                                 (no ring)
                                 (no ring)

@: flying, wreathed by umbra
A: almost no armour, amphibious, 8 rings, camouflage 1, gelatinous body 1,
(nimble swimmer 1), tentacles
a: Renounce Religion, Shadow Step, Shadow Form


You were in a Gauntlet.
You worshipped Dithmenos.
Dithmenos was exalted by your worship.
You visited 2 branches of the dungeon, and saw 13 of its levels.
You also visited: Ossuary, Bailey and Gauntlet.

You collected 1095 gold pieces.
You spent 195 gold pieces at shops.

Inventory:

Hand Weapons
 a - a +9 dagger of electrocution
 b - the +5 glaive of the Guard (weapon) {elec, spectral, AC+5}
   (You found it on level 5 of the Dungeon)

   AC:        It affects your AC (+5).
 r - a +2 short sword of venom
 t - a +1 hand axe of flaming
 y - a +1 rapier of draining
Missiles
 c - 3 curare-tipped darts
 q - 2 throwing nets
 D - 3 javelins
 M - 32 poisoned darts (quivered)
 N - 7 boomerangs
Armour
 u - the +3 crown of Dyrovepreva (worn) {rElec Int+2 SInv}
   (You acquired it on level 8 of the Dungeon)

   Int:       It affects your intelligence (+2).
   rElec:     It insulates you from electricity.
   SInv:      It lets you see invisible.
Jewellery
 d - a +5 ring of evasion (on tentacle)
 k - an amulet of faith (around mantle) {!P}
 l - a +5 ring of evasion (left tentacle)
 m - a +6 ring of strength (right tentacle)
 Q - the ring "Qepefo" (on tentacle) {rC+ Will+ Int+2}
   (You acquired it on level 8 of the Dungeon)

   [ring of willpower]

   Int:       It affects your intelligence (+2).
   rC:        It protects you from cold.
   Will:      It increases your willpower.
 S - a ring of flight (on tentacle)
Wands
 B - a wand of roots (38)
 P - a wand of flame (17)
 T - a wand of paralysis (1)
 V - a wand of polymorph (7)
Scrolls
 f - a scroll of poison
 n - 10 scrolls of teleportation {unknown}
 s - 2 scrolls of silence {!r}
 w - 2 scrolls of blinking
 x - 3 scrolls of fog
 C - 6 scrolls of vulnerability
 E - 3 scrolls of torment {unknown}
 F - a scroll of fear
 H - 2 scrolls of magic mapping
 J - 3 scrolls of immolation {unknown}
 X - a scroll of brand weapon {unknown}
Potions
 g - 6 potions of curing
 h - 3 potions of flight
 j - 4 potions of mutation {!q}
 o - 2 potions of haste
 z - 4 potions of magic
 A - 2 potions of resistance
 G - 8 potions of might
 I - 2 potions of lignification {!q}
 K - a potion of berserk rage {!q}
 O - 6 potions of cancellation
 R - a potion of ambrosia
Miscellaneous
 U - a tin of tremorstones (2/2)


   Skills:
 + Level 5.2 Fighting
 + Level 7.9 Short Blades
 + Level 8.1 Throwing
 - Level 1.0 Dodging
 + Level 12.2 Stealth
 + Level 6.9 Spellcasting
 + Level 7.4 Hexes
 - Level 5.0 Translocations
 + Level 5.3 Transmutations
 + Level 5.3 Earth Magic
 + Level 5.2 Invocations
 + Level 5.1 Evocations


You had 9 spell levels left.
You knew the following spells:

 Your Spells              Type           Power      Damage    Failure   Level
a - Dazzling Flash        Conj/Hex       44%        N/A       6%          3
c - Confusing Touch       Hex            38%        N/A       1%          3
e - Blink                 Tloc           56%        N/A       1%          2
g - Anguish               Hex/Necr       11%        N/A       19%         4
p - Passwall              Tmut/Erth      24%        N/A       1%          2
s - Slow                  Hex            100%       N/A       1%          1

Your spell library contained the following spells:

 Spells                   Type           Power      Damage    Failure   Level
 Apportation              Tloc           56%        N/A       1%          1
 Sandblast                Erth           58%        2d13      1%          1
 Lesser Beckoning         Tloc           56%        N/A       1%          2
 Gell's Gravitas          Tloc           28%        N/A       3%          3
 Momentum Strike          Conj/Tloc      34%        3d8       4%          2
 Kiss of Death            Conj/Necr      28%        2d7       9%          1
 Necrotise                Necr           28%        1d5       9%          1
 Summon Small Mammal      Summ           28%        N/A       9%          1
 Stone Arrow              Conj/Erth      36%        3d9       9%          3
 Vhi's Electric Charge    Tloc/Air       34%        N/A       10%         3
 Passage of Golubria      Tloc           28%        N/A       12%         4
 Static Discharge         Conj/Air       14%        2-3/arc   14%         2
 Vampiric Draining        Necr           7%         2d6       26%         3
 Blade Hands              Tmut           14%        N/A       28%         5
 Silence                  Hex/Air        11%        N/A       47%         5
 Summon Mana Viper        Hex/Summ       22%        N/A       47%         5
 Alistair's Intoxication  Tmut/Pois      12%        N/A       63%         5
 Irradiate                Conj/Tmut      9%         3d14      63%         5
 Animate Dead             Necr           7%         N/A       65%         4
 Dispel Undead            Necr           7%         3d8       65%         4
 Agony                    Necr           7%         N/A       94%         5
 Arcjolt                  Conj/Air       3%         1d13      94%         5
 Freezing Cloud           Conj/Ice/Air   3%         6-21      94%         5
 Lightning Bolt           Conj/Air       3%         1d15      94%         5
 Enfeeble                 Hex            19%        N/A       98%         7
 Simulacrum               Ice/Necr       3%         N/A       100%        6
 Dragon Form              Tmut           14%        N/A       100%        7
 Haunt                    Necr/Summ      3%         N/A       100%        7
 Infestation              Necr           3%         N/A       100%        8
 Lehudib's Crystal Spear  Conj/Erth      9%         10d4      100%        8
 Maxwell's Capacitive Co  Air            3%         ∞         100%        8
 Polar Vortex             Ice            3%         N/A       100%        9
 Animate Armour           Summ/Erth      Unusable   N/A       N/A         4

Dungeon Overview and Level Annotations

Branches:
Dungeon (12/15)            Temple (0/1) D:6            Lair (1/5) D:8
    Orc (0/2) D:11        Ossuary (visited)          Bailey (visited)
Gauntlet (1/1)

Altars:
Ashenzari
Dithmenos
Gozag
Hepliaklqana
Kikubaaqudgha
Makhleb
Nemelex Xobeh
Okawaru
Trog
Uskayaw
Wu Jian

Shops:
D:2 *   D:5 [   D:7 *   D:11 (

Annotations:
Gauntlet 13 transporters, 5 runed translucent doors, exclusions: ice statue, lightning spire and orange crystal statue


Innate Abilities, Weirdness & Mutations

You cannot wear most types of armour.
You are amphibious.
You can wear up to eight rings at the same time.
Your skin changes colour to match your surroundings (Stealth+).
Your rubbery body absorbs attacks. (AC +1, EV +1)
((You are camouflaged when in or above water. (Stealth+)))
You have tentacles for arms and can constrict up to eight enemies at once.


Message History

Your +5 glaive of the Guard {elec, spectral, AC+5} hits the small abomination from afar!!
You destroy the small abomination!
Dithmenos accepts your kill. The small abomination misses you.
You slash the small abomination!
The small abomination is heavily damaged.
Your shadow barely misses the small abomination.
Your +5 glaive of the Guard {elec, spectral, AC+5} hits the small abomination from afar!
The small abomination barely misses you.
The small abomination completely misses you.
You slash the small abomination!
You destroy the small abomination!
Dithmenos accepts your kill.
The small abomination closely misses you.
You hit the large abomination. You squeeze the large abomination.
The large abomination is lightly damaged.
Your +5 glaive of the Guard {elec, spectral, AC+5} hits the large abomination!
The small abomination misses you. The large abomination hits you!
You emit a cloud of dark smoke.
You hit the large abomination but do no damage.
You tentacle-slap the large abomination, but do no damage.
The large abomination is moderately damaged.
Your shadow closely misses the large abomination.
Your +5 glaive of the Guard {elec, spectral, AC+5} hits the large abomination!
The small abomination closely misses you.
The large abomination hits you!!
* * * LOW HITPOINT WARNING * * *
The small abomination closely misses you.
The large abomination misses you.
You are too injured to fight recklessly!
You are too injured to fight recklessly!
The rime drake hisses angrily.
You hit the large abomination but do no damage.
The large abomination is moderately damaged.
Your shadow closely misses the large abomination.
Your +5 glaive of the Guard {elec, spectral, AC+5} hits the large abomination.
The small abomination completely misses you.
The small abomination hits you but does no damage.
The large abomination hits you!!
You die...

.#^#...#..###.#...#...≈#
..#©...#©©#©##.##k#©8.##
.#^#...#..#!..#.###...≈#
#^..#..#..#".##.k##...##
....^#.#..#.##©...#.∩.≈#
h.....##..#########...##
########..#...........≈#
.......#..#########..###
..§....#..#...##@(#..≈#
##§##..#..###.§x#X#..##
≈###≈..#..#.=#.§#.#..§#
## ##..#.©#©.#©#..#©.##
≈# #≈..#..#!#..#..#..≈#
## ##..####.#...###..##
≈# #≈.....#..##..X#..≈#
## ###....#########..##
#≈#.............≈#


You could see a large abomination, 2 rime drakes, a small abomination and a
friendly +5 glaive of the Guard {elec, spectral, AC+5} (summoned).

Vanquished Creatures
  A boulder beetle (D:11)
  5 two-headed ogres
  Amaemon (Lair:1)
  2 orc knights (Bailey)
  An ugly thing (D:11)
  2 cyclopes
  3 manticores
  A gargoyle (D:12)
  An orange demon (Lair:1)
  3 unseen horrors
  2 komodo dragons (D:8)
  2 trolls (D:9)
  2 hornets
  3 blink frogs (Lair:1)
  A shadow (D:5)
  3 wyverns
  A steam dragon (D:7)
  24 yaks
  2 acid dragons (D:12)
  2 water moccasins (D:7)
  5 small abominations (Gauntlet)
  A large abomination (Gauntlet)
  13 orc warriors
  2 sky beasts (D:7)
  5 black bears
  6 wolves (Lair:1)
  2 centaurs
  3 phantoms
  2 kobold brigands
  5 bullfrogs (Lair:1)
  2 necrophages
  2 scorpions
  4 wights (D:8)
  9 killer bees
  A vampire bat (D:4)
  3 howler monkeys
  A jelly (D:6)
  6 hounds
  7 orc priests
  2 gnoll boudas
  Ijyb (D:5)
  4 iguanas
  9 orc wizards
  9 mummies
  9 gnolls
  14 adders
  3 white imps
  2 ufetubi
  A worm (D:5)
  3 dart slugs
  3 fire bats (D:4)
  77 orcs
  2 spectral bats (D:4)
  4 ball pythons
  13 bats
  3 bat skeletons (D:4)
  A bat zombie (D:4)
  6 endoplasms
  3 giant cockroaches
  9 goblins
  3 hobgoblins
  9 jackals
  8 quokkas
  A bat simulacrum (D:4)
  11 frilled lizards
  4 gnoll zombies (Ossuary)
  A goblin zombie (D:5)
  A hobgoblin zombie (D:5)
  14 kobolds
  4 kobold zombies (Ossuary)
  2 rats
377 creatures vanquished.

Vanquished Creatures (others)
  A fungus (Lair:1)
  13 plants
14 creatures vanquished.

Grand Total: 391 creatures vanquished

Notes
Turn   | Place    | Note
-------+----------+-------------------------------------------
     0 | D:1      | mopl the Octopode Brigand began the quest for the Orb.
     0 | D:1      | Reached XP level 1. HP: 14/14 MP: 1/1
   110 | D:1      | Reached XP level 2. HP: 10/19 MP: 2/2
   160 | D:1      | Found a faded altar of an unknown god.
   182 | D:1      | Prayed at the altar of an unknown god.
   182 | D:1      | Became a worshipper of Dithmenos the Shadowed
   182 | D:1      | Reached * piety under Dithmenos
   484 | D:1      | Learned a level 1 spell: Slow
   504 | D:1      | Got Gacaus's Grimoire of Distorted Haze
   655 | D:1      | Reached XP level 3. HP: 22/24 MP: 3/3
  1213 | D:2      | Reached ** piety under Dithmenos
  1241 | D:2      | Found Liaroj's General Store.
  1245 | D:2      | Bought a potion of curing for 39 gold pieces
  1773 | D:3      | Reached skill level 6 in Stealth
  1773 | D:3      | Reached skill level 1 in Spellcasting
  1773 | D:3      | Reached skill level 1 in Hexes
  1773 | D:3      | Reached XP level 4. HP: 29/29 MP: 5/5
  1858 | D:3      | Reached XP level 5. HP: 28/34 MP: 6/6
  1911 | D:3      | Reached skill level 3 in Short Blades
  1911 | D:3      | Reached skill level 3 in Throwing
  1945 | D:3      | Learned a level 3 spell: Confusing Touch
  2275 | D:3      | Found an iron altar of Okawaru.
  2551 | D:2      | Bought a scroll of fog for 52 gold pieces
  2551 | D:2      | Bought a scroll of identify for 26 gold pieces
  2551 | D:2      | Bought a scroll of identify for 26 gold pieces
  2790 | D:4      | Reached skill level 2 in Hexes
  2845 | D:4      | Reached skill level 2 in Spellcasting
  2845 | D:4      | Reached XP level 6. HP: 39/39 MP: 7/9
  2855 | D:4      | Reached *** piety under Dithmenos
  2856 | D:4      | Found an ancient bone altar of Kikubaaqudgha.
  2869 | D:4      | Identified the +1 cloak of the Tick {rF+ Int+3 SInv}
  3272 | D:4      | Noticed a black bear
  3283 | D:4      | Killed a black bear
  3284 | D:4      | Reached skill level 7 in Stealth
  3284 | D:4      | Reached XP level 7. HP: 32/45 MP: 7/10
  3409 | D:4      | Reached skill level 3 in Hexes
  3438 | D:4      | Reached skill level 4 in Throwing
  3683 | D:4      | Identified the +3 hand axe "Octopus's Bane" {holy, Dex+6}
  3761 | D:5      | Entered Level 5 of the Dungeon
  3795 | D:5      | Reached skill level 4 in Short Blades
  3938 | D:5      | Noticed Ijyb
  3951 | D:5      | Killed Ijyb
  4011 | D:5      | Reached **** piety under Dithmenos
  4018 | D:5      | Found an ornate altar of the Wu Jian Council.
  4049 | D:5      | Reached skill level 3 in Spellcasting
  4088 | D:5      | Found Fodar's Antique Armour Shop.
  4109 | D:5      | Found a sand-covered staircase.
  4143 | Ossuary  | Entered an ossuary
  4231 | Ossuary  | Reached XP level 8. HP: 49/50 MP: 12/12
  4410 | D:5      | Reached skill level 8 in Stealth
  4559 | D:2      | Bought a scroll of vulnerability for 52 gold pieces
  5244 | D:5      | Reached skill level 4 in Hexes
  5432 | D:5      | Found the +5 glaive of the Guard {elec, spectral, AC+5}
  5432 | D:5      | Noticed a shadow
  5435 | D:5      | Killed a shadow
  5436 | D:5      | Reached skill level 5 in Short Blades
  5436 | D:5      | Reached skill level 5 in Throwing
  5436 | D:5      | Reached skill level 4 in Spellcasting
  5712 | D:6      | Reached skill level 9 in Stealth
  5760 | D:6      | Reached XP level 9. HP: 39/54 MP: 15/15
  5827 | D:6      | Found a staircase to the Ecumenical Temple.
  5841 | D:6      | Reached ***** piety under Dithmenos
  6448 | D:6      | Learned a level 2 spell: Passwall
  7147 | D:7      | Reached skill level 5 in Hexes
  7147 | D:7      | Reached skill level 1 in Earth Magic
  7161 | D:7      | Found Kinuv's Gadget Gallery.
  7169 | D:7      | Learned a level 2 spell: Blink
  7181 | D:7      | Reached skill level 1 in Transmutations
  7242 | D:7      | You fall into a shaft and drop 1 floor!
  7257 | D:8      | Found a flagged portal.
  7269 | D:8      | Noticed a hornet
  7279 | D:8      | Killed a hornet
  7282 | Bailey   | Entered a bailey
  7302 | Bailey   | Reached skill level 1 in Translocations
  7599 | Bailey   | Noticed an orc knight
  7611 | Bailey   | Killed an orc knight
  7612 | Bailey   | Reached skill level 6 in Short Blades
  7612 | Bailey   | Reached skill level 6 in Throwing
  7612 | Bailey   | Reached skill level 5 in Spellcasting
  7612 | Bailey   | Reached skill level 2 in Transmutations
  7612 | Bailey   | Reached skill level 2 in Earth Magic
  7613 | Bailey   | Reached skill level 10 in Stealth
  7649 | Bailey   | Reached XP level 10. HP: 16/60 MP: 17/17
  7650 | Bailey   | Reached skill level 2 in Translocations
  7836 | Bailey   | Noticed an orc knight
  7864 | Bailey   | Killed an orc knight
  7927 | D:8      | Acquired the ring "Qepefo" {rC+ Will+ Int+2}
  7930 | D:8      | Acquired the +3 crown of Dyrovepreva {rElec Int+2 SInv}
  7930 | D:8      | Found the +3 crown of Dyrovepreva {rElec Int+2 SInv}
  8138 | D:7      | Reached skill level 1 in Invocations
  8138 | D:7      | Reached skill level 1 in Evocations
  8339 | D:7      | Reached skill level 3 in Earth Magic
  8346 | D:7      | Noticed a two-headed ogre
  8348 | D:7      | Killed a two-headed ogre
  8349 | D:7      | Reached skill level 3 in Transmutations
  8356 | D:7      | Reached skill level 6 in Hexes
  8356 | D:7      | Reached skill level 3 in Translocations
  8356 | D:7      | Reached skill level 2 in Evocations
  8361 | D:7      | Reached skill level 2 in Invocations
  8367 | D:7      | Got Lyebac's Parchment of Ill Luck
  8373 | D:7      | Learned a level 4 spell: Anguish
  8468 | D:7      | Found a sparkling altar of Nemelex Xobeh.
  8555 | D:8      | Found a staircase to the Lair.
  8585 | D:8      | Reached skill level 3 in Fighting
  8742 | D:8      | Found a shadowy altar of Dithmenos.
  8903 | D:8      | Found a hazy altar of Hepliaklqana.
  9062 | D:8      | Reached XP level 11. HP: 67/67 MP: 15/19
  9193 | D:8      | Found a bloodstained altar of Trog.
  9193 | D:8      | Found a burning altar of Makhleb.
  9365 | D:9      | Noticed a two-headed ogre
  9525 | D:9      | Killed a two-headed ogre
  9526 | D:9      | Reached skill level 7 in Throwing
  9526 | D:9      | Reached skill level 3 in Invocations
  9721 | D:9      | Found a broken altar of Ashenzari.
  9735 | D:9      | Found a hide-covered altar of Uskayaw.
  9746 | D:9      | Reached skill level 11 in Stealth
  9746 | D:9      | Reached skill level 3 in Evocations
 10084 | D:9      | Noticed a two-headed ogre
 10100 | D:9      | Killed a two-headed ogre
 10398 | D:10     | Entered Level 10 of the Dungeon
 10418 | D:10     | Reached skill level 6 in Spellcasting
 10420 | D:10     | Reached skill level 4 in Earth Magic
 10470 | D:10     | Reached skill level 7 in Short Blades
 10470 | D:10     | Reached skill level 4 in Transmutations
 10957 | D:10     | Found an opulent altar of Gozag.
 10994 | D:10     | Reached ****** piety under Dithmenos
 11000 | D:10     | Reached skill level 4 in Fighting
 11000 | D:10     | Reached skill level 4 in Translocations
 11019 | D:10     | Reached skill level 4 in Evocations
 11319 | D:11     | Noticed a white ugly thing
 11336 | D:11     | Killed a white ugly thing
 11391 | D:11     | Found a staircase to the Orcish Mines.
 11398 | D:11     | Found Fyaxabae's Weapon Shoppe.
 11419 | D:11     | Reached skill level 4 in Invocations
 11471 | D:11     | Reached XP level 12. HP: 74/74 MP: 17/21
 11492 | D:11     | Noticed a two-headed ogre
 11537 | D:11     | Noticed a boulder beetle
 11552 | D:11     | Killed a boulder beetle
 11677 | D:11     | Killed a two-headed ogre
 11678 | D:11     | Reached skill level 7 in Hexes
 11711 | D:11     | Noticed a two-headed ogre
 11736 | D:11     | Killed a two-headed ogre
 12443 | D:12     | Learned a level 3 spell: Dazzling Flash
 12462 | D:12     | Reached skill level 5 in Transmutations
 12462 | D:12     | Reached skill level 5 in Earth Magic
 13352 | Lair:1   | Entered Level 1 of the Lair of Beasts
 13414 | Lair:1   | Reached skill level 12 in Stealth
 13457 | Lair:1   | Reached skill level 5 in Translocations
 13460 | Lair:1   | Reached skill level 5 in Fighting
 13495 | Lair:1   | Reached skill level 5 in Invocations
 13495 | Lair:1   | Reached skill level 5 in Evocations
 13526 | Lair:1   | Found a gate leading to a gauntlet.
 13526 | Lair:1   | Noticed Amaemon
 13533 | Lair:1   | Reached skill level 8 in Throwing
 13534 | Lair:1   | Killed Amaemon
 13542 | Gauntlet | Entered a Gauntlet
 13542 | Gauntlet | Noticed a tengu warrior
 13542 | Gauntlet | Found a transporter.
 13542 | Gauntlet | Found a runed translucent gate.
 13542 | Gauntlet | Found a transporter.
 13542 | Gauntlet | Found a runed translucent gate.
 13548 | Gauntlet | Found a transporter.
 13560 | Gauntlet | Found a transporter.
 13577 | Gauntlet | Found a transporter.
 13577 | Gauntlet | Found a transporter.
 13579 | Gauntlet | Found a transporter.
 13581 | Gauntlet | Noticed a hell beast
 13582 | Gauntlet | Found a transporter.
 13582 | Gauntlet | Found a transporter.
 13586 | Gauntlet | Found a runed translucent door.
 13592 | Gauntlet | Found a runed translucent door.
 13594 | Gauntlet | Found a transporter.
 13610 | Gauntlet | Found a transporter.
 13620 | Gauntlet | Found a transporter.
 13634 | Gauntlet | Found a transporter.
 13654 | Gauntlet | Found a transporter.
 13656 | Gauntlet | Found a runed translucent gate.
 13723 | Gauntlet | Mangled by a large abomination

Illustrated notes

Levels and vault maps discovered:
D:1:      shiori_arrival_elements, layout_basic, ebering_ecumenical_altar_mist,
          minivault_23
D:2:      mumra_celtic_spiral_tile, layout_loops_cross, serial_shops, shop
D:3:      layout_loops_ring, mainiacjoe_overflow_surrounded_room
D:4:      layout_loops_corners, mainiacjoe_overflow_concentric_impassable,
          goddamned_bats
D:5:      kennysheep_windowed_halls, layout_basic, nzn_wu_jian_contemplation,
          nicolae_ossuary_entry_giza, serial_shops, shop, uniq_ijyb
D:6:      layout_basic, minmay_temple_entry_glass, lightli_orcish_oven
D:7:      minmay_clustersquares, layout_loops_corners,
          overflow_temple_1_default, nicolae_shop_gadgets
D:8:      layout_loops_ring, mainiacjoe_overflow_six_doors_small,
          mainiacjoe_overflow_small_starburst,
          gammafunk_temple_overflow_elements, david_lair_shrubbed,
          enter_bailey_3, minmay_lizard_king
D:9:      layout_basic, nicolae_uskayaw_dance_studio, general_overflow_altar
D:10:     layout_cross, mainiacjoe_overflow_24_doors, serial_co_window_serial,
          co_window_paths_a, co_window_paths_a, co_window_of_opportunity_a,
          co_window_of_opportunity_a, co_window_paths_a, co_window_cross_1,
          co_window_corner_cb, co_window_corner_ca, co_window_broadway_c,
          co_window_cross_4, co_window_unsneaky_path_b, co_window_corner_ca,
          co_window_4corner_b, glass_columns_a, glass_columns_a,
          glass_columns_b, glass_columns_a, st_stairs_14
D:11:     layout_gridville, orc_david_3
D:12:     layout_layer_cave
Lair:1:   layout_roguey, gauntlet_entry_generic, dreamdust_wasp_nest,
          uniq_amaemon, uniq_nergalle
Gauntlet: gammafunk_gauntlet_mixed_choke_point
          [minmay_gauntlet_arena_77_run_for_it, minmay_gauntlet_arena_77_fan,
          minmay_gauntlet_arena_77_squiggly, nicolae_gauntlet_arena_x,
          minmay_gauntlet_arena_77_box, minmay_gauntlet_arena_77_hold_the_fort,
          minmay_gauntlet_arena_77_cramped, gauntlet_exit_watery]

Skill      XL: |  1  2  3  4  5  6  7  8  9 10 11 12 |
---------------+-------------------------------------+-----
Stealth        | 6 7 9 10 11 12 | 12.2
Spellcasting   | 1 2 3 4 5 6 |  6.9
Hexes          | 1 2 3 4 5 6 7 |  7.4
Short Blades   | 3 4 5 6 7 |  7.9
Throwing       | 3 4 5 6 7 8 |  8.1
Earth Magic    | 2 3 4 5 |  5.3
Transmutations | 2 3 4 5 |  5.3
Translocations | 1 3 4 5 |  5.0
Invocations    | 2 4 5 |  5.2
Evocations     | 2 4 5 |  5.1
Fighting       | 3 4 5 |  5.2
Dodging        | |  1.0

Action                     |  1- 3 |  4- 6 |  7- 9 | 10-12 || total
---------------------------+-------+-------+-------+-------++-------
  Melee: Dagger            |    69 |    94 |   239 |   219 ||   621
         Tentacles         |    15 |    21 |    47 |    57 ||   140
         Constrict         |    14 |    20 |    49 |    39 ||   122
         Punch             |     1 |     1 |     1 |     1 ||     4
         Glaive            |       |       |    25 |    74 ||    99
  Throw: Dart              |       |     2 |       |    10 ||    12
         Javelin           |       |       |       |     1 ||     1
   Cast: Confusing Touch   |       |     1 |     1 |     4 ||     6
         Passwall          |       |       |       |    13 ||    13
  Evoke: Wand              |       |       |     5 |    13 ||    18
    Use: Scroll            |       |     5 |     7 |    20 ||    32
         Potion            |       |       |     3 |       ||     3
   Stab: Sleeping          |    16 |    11 |    51 |    51 ||   129
         Confused          |       |     1 |       |     2 ||     3
         Invisible         |       |       |     2 |       ||     2
         Distracted        |       |       |     1 |     4 ||     5
         Paralysed         |       |       |       |     3 ||     3
 Armour: Skin              |     1 |     6 |    14 |    21 ||    42
  Dodge: Dodged            |    41 |    51 |   209 |   190 ||   491

Table legend: (Time is in decaauts)
 A = Elapsed time spent in this place.
 B = Non-inter-level travel time spent in this place.
 C = Inter-level travel time spent in this place.
 D = Time resting spent in this place.
 E = Time spent auto-exploring this place.
 F = Levels seen in this place.
 G = Mean time per level.
                   A        B        C        D        E       F      G
               +--------+--------+--------+--------+--------+-----+--------+
         Total |  13588 |  12509 |   1079 |   1319 |   7957 |  16 |  849.2 |
       Dungeon |  12365 |  11286 |   1079 |   1020 |   7832 |  12 | 1030.4 |
          Lair |    178 |    178 |      0 |      0 |      0 |   1 |  178.0 |
       Ossuary |    221 |    221 |      0 |      0 |     94 |   1 |  221.0 |
        Bailey |    633 |    633 |      0 |    299 |     31 |   1 |  633.0 |
      Gauntlet |    189 |    189 |      0 |      0 |      0 |   1 |  189.0 |
               +--------+--------+--------+--------+--------+-----+--------+

Top non-repeatable levels by time:
     D:5: 1392 daAuts
     D:2: 1245 daAuts
     D:9: 1174 daAuts
     D:6: 1163 daAuts
    D:12: 1156 daAuts
     D:4: 1136 daAuts
    D:10: 920 daAuts
     D:7: 902 daAuts
     D:8: 854 daAuts
    D:11: 819 daAuts
     D:1: 817 daAuts
     D:3: 781 daAuts
  Bailey: 633 daAuts
 Ossuary: 221 daAuts
Gauntlet: 189 daAuts
